 Dungeon Crawl Stone Soup version 0.31-a0-204-g7da18cac08 (webtiles) character file.

Game seed: 17037121586302521806

104 qw the Shooter (level 4, 0/25 HPs)
             Began as a Deep Elf Hunter on June 27, 2023.
             Killed from afar by a gnoll (1 damage)
             ... with a puff of flame
             ... on level 2 of the Dungeon.
             The game lasted 00:00:32 (1048 turns).

qw the Shooter (Deep Elf Hunter)                    Turns: 1048, Time: 00:00:32

Health: 0/25       AC:  5    Str: 10    XL:     4   Next: 52%
Magic:  6/6        EV: 11    Int: 14    God:
Gold:   83         SH:  0    Dex: 18    Spells: 3/3 levels left

rFire   . . .        Y - +0 shortbow
rCold   . . .        (shield currently unavailable)
rNeg    . . .        b - +0 ring mail
rPois   .            (no helmet)
rElec   .            (no cloak)
rCorr   .            (no gloves)
SInv    .            (no boots)
Will    .....        (no amulet)
Stlth   +            (no ring)
HPRegen 0.24/turn    (no ring)
MPRegen 0.10/turn

%: no passive effects
@: no status effects
A: no striking features
a: no special abilities


You were on level 2 of the Dungeon.
You visited 1 branch of the dungeon, and saw 2 of its levels.

You collected 83 gold pieces.


   Skills:
 - Level 1.5 Fighting
 + Level 7.9 Ranged Weapons
 - Level 2.4 Dodging
 - Level 1.2 Stealth


You had 3 spell levels left.
You didn't know any spells.
Your spell library was empty.

Inventory:

Hand Weapons
 Y - a +0 shortbow (weapon)
Armour
 b - a +0 ring mail (worn)
Scrolls
 c - a scroll of identify
Potions
 a - a potion of might {unknown}
 d - a potion of curing {unknown}
 e - a potion of lignification {unknown}
 f - 2 potions of brilliance {unknown}

Dungeon Overview and Level Annotations

Branches:
Dungeon (2/15)

Altars:

Shops:
D:1 (


Message History

You shoot an arrow. The arrow barely misses the gnoll.
The gnoll shouts!
You shoot an arrow. The arrow hits the gnoll!
The gnoll is severely wounded.
You shoot an arrow. The arrow barely misses the gnoll.
The gnoll barely misses you.
You shoot an arrow. The arrow hits the gnoll.
The gnoll is lightly wounded.
The gnoll misses you. The gnoll hits you with a +0 flail!
You shoot an arrow.
The arrow hits the gnoll but does no damage.
The gnoll is lightly wounded.
The gnoll misses you. The gnoll hits you with a +0 flail!
You shoot an arrow.
The arrow hits the gnoll but does no damage.
The gnoll is lightly wounded.
You hear a shout!
The gnoll hits you from afar with a +0 halberd.
The gnoll hits you with a +0 flail.
You shoot an arrow. The arrow hits the gnoll!
The gnoll is heavily wounded.
The gnoll barely misses you. The gnoll closely misses you.
You shoot an arrow. The arrow hits the gnoll.
You kill the gnoll!
The gnoll barely misses you.
You shoot an arrow. The arrow completely misses the gnoll.
The arrow barely misses the gnoll.
The gnoll hits you but does no damage. The gnoll closely misses you.
You shoot an arrow. The arrow hits the gnoll.
The gnoll is almost dead.
The gnoll zaps a wand.
The puff of flame misses you. The gnoll barely misses you.
You shoot an arrow. The arrow closely misses the gnoll.
The arrow hits the gnoll!
The gnoll is heavily wounded.
The gnoll closely misses you.
You shoot an arrow. The arrow barely misses the gnoll.
The gnoll hits you from afar with a +0 halberd.
The gnoll zaps a wand.
The puff of flame hits you.
You die...

... .... g.... .....
g.... ..... ..... ....#
#.#.# ....# #.#g# .....
#.#g## ..... #.#..# ...#
#.g@.# ..## #.#..# ###
#.#..# ..#### #.#.<##
.....# #.#...# .###..#
#.###.### ...##..## #.
#...# #...##..# .#
#.###...##
#....##.#..##........)###


You could see 3 gnolls.

Vanquished Creatures
  Natasha (D:2)
  A gnoll (D:2)
  2 adders (D:2)
  A dart slug (D:2)
  An orc (D:2)
  6 ball pythons
  3 endoplasms (D:1)
  2 giant cockroaches (D:1)
  2 goblins
  4 hobgoblins
  6 jackals
  3 kobolds (D:2)
  2 quokkas
  4 bats
  A frilled lizard (D:1)
  4 rats
43 creatures vanquished.

Notes
Turn   | Place    | Note
-------+----------+-------------------------------------------
     0 | D:1      | qw the Deep Elf Hunter began the quest for the Orb.
     0 | D:1      | Reached XP level 1. HP: 12/12 MP: 3/3
     0 | D:1      | 0 ||| qw: Version: 0.3-a-22-g0ed2b0b
     0 | D:1      | 0 ||| qw: Game counter: 6462
     0 | D:1      | 0 ||| qw: Melee chars always use a shield: true
     0 | D:1      | 0 ||| qw: God list: Okawaru
     0 | D:1      | 0 ||| qw: Allow faded altars: false
     0 | D:1      | 0 ||| qw: Do Orc after clearing Dungeon:15 true
     0 | D:1      | 0 ||| qw: Do second Lair branch before Depths: true
     0 | D:1      | 0 ||| qw: Lair rune preference: random
     0 | D:1      | 0 ||| qw: Goals: Normal
     0 | D:1      | 0 ||| PLANNING D:1-11
    89 | D:1      | You fall into a shaft and drop 1 floor!
   118 | D:2      | 118 ||| DROPPING scroll of butterflies.
   257 | D:1      | Reached skill level 6 in Ranged Weapons
   257 | D:1      | Reached XP level 2. HP: 16/16 MP: 4/4
   320 | D:1      | Found Hakewik's Antique Weapon Emporium.
   328 | D:1      | 328 ||| SHOPLISTING glowing sling (108 gold, have 36).
   694 | D:1      | 694 ||| UPGRADING to +0 ring mail.
   704 | D:1      | 704 ||| DROPPING +0 leather armour.
   705 | D:1      | 705 ||| READING scroll labelled AFEBLOOKLOUGO.
   706 | D:1      | 706 ||| READING scroll labelled YXTUXO EH BAL.
   707 | D:1      | 707 ||| READING scroll labelled XEUCLI PABLAR.
   736 | D:2      | Reached XP level 3. HP: 20/20 MP: 5/5
   786 | D:2      | Reached skill level 7 in Ranged Weapons
   787 | D:2      | Noticed Natasha
   795 | D:2      | Killed Natasha
   796 | D:2      | Reached XP level 4. HP: 8/25 MP: 6/6
  1034 | D:2      | 1034 ||| Stepping ~*~*~tactically~*~*~ (outnumbered).
  1042 | D:2      | HP: 6/25 [gnoll/+0 flail (2)]
  1048 | D:2      | HP: 1/25 [gnoll/+0 halberd (6)]
  1048 | D:2      | Killed from afar by a gnoll

Levels and vault maps discovered:
D:1:      dpeg_arrival_radiant, layout_basic, serial_shops,
          nicolae_shop_statue_plus, minmay_bisected
D:2:      minmay_evil_eye, layout_rooms, uniq_natasha

Skill      XL: |  1  2  3 |
---------------+----------+-----
Ranged Weapons | 6 7 |  7.9
Fighting       | |  1.5
Dodging        | |  2.4
Stealth        | |  1.2

Action                     |  1- 3 |  4- 6 || total
---------------------------+-------+-------++-------
   Fire: Shortbow          |    94 |    39 ||   133
    Use: Scroll            |     3 |       ||     3
 Armour: Leather armour    |    14 |       ||    14
         Ring mail         |     6 |     3 ||     9
  Dodge: Dodged            |    30 |    12 ||    42

Table legend:
 A = Non-vault XP
 B = Vault XP
 C = Vault XP percentage of total XP
 D = Non-vault monster count
 E = Vault monster count
 F = Vault count percentage of total count
                 A         B        C        D         E       F
            +---------+---------+-------+---------+---------+-------
      Total |     102 |      47 |  31.5 |      36 |       7 |  16.3
            +---------+---------+-------+---------+---------+-------
        D:1 |      26 |       8 |  23.5 |      15 |       4 |  21.1
        D:2 |      76 |      39 |  33.9 |      21 |       3 |  12.5
            +---------+---------+-------+---------+---------+-------
